 Dungeon Crawl Stone Soup version 0.29-a0-2-g12fcac58f8 (webtiles) character file.

Game seed: 2344166237557715051

49 cyrus the Skirmisher (level 3, 0/31 HPs)
             Began as a Palentonga Fighter on Jan 26, 2022.
             Slain by a kobold (2 damage)
             ... on level 2 of the Dungeon.
             The game lasted 00:04:15 (1000 turns).

cyrus the Skirmisher (Palentonga Fighter)           Turns: 1000, Time: 00:04:15

Health: 0/31       AC:  7    Str: 21    XL:     3   Next: 51%
Magic:  3/3        EV:  7    Int:  8    God:
Gold:   108        SH:  4    Dex:  9    Spells: 2/2 levels left

rFire   . . .      SeeInvis +   j - +3 spear
rCold   . . .      Faith    .   c - +0 buckler
rNeg    . . .      Spirit   .   b - +0 scale mail
rPois   .          Reflect  .   (no helmet)
rElec   .          Harm     .   (no cloak)
rCorr   .          Rampage  .   m - +0 pair of gloves
Will    .....                   (no barding)
Stlth   ..........              (no amulet)
HPRegen 0.10/turn               (no ring)
MPRegen 0.08/turn               (no ring)

@: mighty
A: large, rugged brown scales 3, see invisible, deformed body, roll 1, armoured
tail
a: Rolling Charge


You were on level 2 of the Dungeon.
You visited 1 branch of the dungeon, and saw 2 of its levels.

You collected 108 gold pieces.

Inventory:

Hand Weapons
 a - a +0 long sword
 h - a +2 whip of electrocution
 j - a +3 spear (weapon)
Armour
 b - a +0 scale mail (worn)
 c - a +0 buckler (worn)
 m - a +0 pair of gloves (worn)
Scrolls
 i - a scroll of vulnerability {unknown}
 k - a scroll of immolation
 l - a scroll of amnesia {unknown}
Potions
 d - a potion of might
 e - a potion of ambrosia {unknown}
 f - a potion of flight {unknown}
 g - a potion of degeneration {unknown}


   Skills:
 + Level 3.5 Fighting
 + Level 2.1 Long Blades
 + Level 0.3 Polearms
 + Level 3.0 Armour
 + Level 0.1 Dodging
 + Level 2.6 Shields


You had 2 spell levels left.
You didn't know any spells.
Your spell library was empty.

Dungeon Overview and Level Annotations

Branches:
Dungeon (2/15)

Altars:

Shops:
D:1 (


Innate Abilities, Weirdness & Mutations

You are completely covered in rugged brown scales. (AC +3, +7% HP)
You have supernaturally acute eyesight. (SInv)
Armour fits poorly on your strangely shaped body.
You can roll at nearby foes to attack.
You have a long armoured tail.


Message History

Natasha casts a spell.
You closely miss the crimson imp. The crimson imp hits you.
Natasha barely misses you.
The crimson imp hits you but does no damage.
You block Natasha's attack. The crimson imp hits you. Natasha claws you.
Found 14 gold pieces.
The crimson imp blinks!
Natasha wildly gestures.
You feel disoriented. Natasha closely misses you.
You hit Natasha.
You kill Natasha!
Natasha screams in fury as she dies!
The shadow imp disappears in a puff of smoke!
Your Armour skill increases to level 3!
You have reached level 3!
Your experience leads to an increase in your attributes!
Increase (S)trength, (I)ntelligence, or (D)exterity?
You feel stronger. x2
You feel yourself speed up. The kobold hits you but does no damage.
The kobold hits you with a +0 short sword.
You barely miss the kobold.
The kobold hits you with a +0 short sword.
* * * LOW HITPOINT WARNING * * *
You barely miss the kobold.
The kobold hits you with a +0 short sword.
* * * LOW HITPOINT WARNING * * *
The kobold throws a stone.
The stone barely misses you.
You feel very mighty all of a sudden.
You closely miss the kobold.
Your tail-slap misses the kobold.
The kobold hits you with a +0 short sword.
* * * LOW HITPOINT WARNING * * *
You closely miss the kobold. You block the kobold's attack.
You closely miss the kobold.
The kobold hits you with a +0 short sword.
* * * LOW HITPOINT WARNING * * *
The kobold hits you but does no damage.
The kobold hits you with a +0 short sword.
You die...

##+## #.$.#
##...#
#....+
#....####
#.......#
#.....#.# #
#.....#.#.#
#...@K#.#.#
#.#+#†#...#
# #<....K.#
#+#<#...#
...#...#
#..........
#....##.####
##+#.. ..
#.. .##


You could see a kobold.

Vanquished Creatures
  Natasha (D:2)
  A dart slug (D:1)
  A giant cockroach (D:1)
  3 hobgoblins (D:1)
  2 kobolds (D:1)
  A quokka (D:1)
  A bat (D:1)
  A frilled lizard (D:1)
  6 goblins (D:1)
  3 rats (D:1)
20 creatures vanquished.

Notes
Turn   | Place    | Note
-------+----------+-------------------------------------------
     0 | D:1      | cyrus the Palentonga Fighter began the quest for the Orb.
     0 | D:1      | Reached XP level 1. HP: 19/19 MP: 1/1
    67 | D:1      | Found Xaoxyor's Antique Weapon Shoppe.
   262 | D:1      | Found a faded altar of an unknown god.
   283 | D:1      | Reached XP level 2. HP: 25/25 MP: 2/2
   974 | D:2      | Noticed Natasha
   985 | D:2      | Noticed a crimson imp
   989 | D:2      | Killed Natasha
   990 | D:2      | Reached XP level 3. HP: 13/31 MP: 3/3
  1000 | D:2      | Slain by a kobold

Illustrated notes

Levels and vault maps discovered:
D:1:      co_arrival_square_in_a_square_in_a_square, layout_loops_corners,
          serial_shops, shop_coins, hellmonk_ecumenical_altar_blasted
D:2:      layout_basic, minmay_tetromino_i2, uniq_terence, uniq_natasha

Skill      XL: |  1  2 |
---------------+-------+-----
Armour         | 3 |  3.0
Fighting       | |  3.5
Long Blades    | |  2.1
Polearms       | |  0.3
Dodging        | |  0.1
Shields        | |  2.6

Action                   || total
-------------------------++-------
Melee: Long sword        ||    12
       Spear             ||    41
       Tailslap          ||     5
  Use: Potion            ||     1
Armor: Scale mail        ||    33
Dodge: Dodged            ||    22
Block: Buckler           ||     9

Table legend: (Time is in decaauts)
 A = Elapsed time spent in this place.
 B = Non-inter-level travel time spent in this place.
 C = Inter-level travel time spent in this place.
 D = Time resting spent in this place.
 E = Time spent auto-exploring this place.
 F = Levels seen in this place.
 G = Mean time per level.
                   A        B        C        D        E       F      G
               +--------+--------+--------+--------+--------+-----+--------+
         Total |   1014 |   1014 |      0 |      0 |    747 |   2 |  507.0 |
       Dungeon |   1014 |   1014 |      0 |      0 |    747 |   2 |  507.0 |
               +--------+--------+--------+--------+--------+-----+--------+

Top non-repeatable levels by time:
     D:1: 977 daAuts
     D:2: 37 daAuts
